 Dungeon Crawl Stone Soup version 0.14-a0-586-g2535b90 (webtiles) character file.

132 PolkaDot the Vexing (level 3, 0/24 HPs)
             Began as a Vampire Enchanter on Nov 4, 2013.
             Slain by Jessica (4 damage)
             ... on Level 2 of the Dungeon.
             The game lasted 00:02:57 (823 turns).

PolkaDot the Vexing (Vampire Enchanter)              Turns: 823, Time: 00:02:57

HP   0/24        AC  3     Str  7      XL: 3   Next:  3%
MP   6/6         EV 12     Int 17      God:
Gold 102         SH  0     Dex 15      Spells:  1 memorised,  3 levels left

Res.Fire  : . . .   See Invis. : +   a - +1 dagger
Res.Cold  : . . .   Warding    : .   b - +1 robe
Life Prot.: + . .   Conserve   : .   (no shield)
Res.Poison: .       Res.Corr.  : .   (no helmet)
Res.Elec. : .       Clarity    : .   (no cloak)
Sust.Abil.: . .     Spirit.Shd : .   (no gloves)
Res.Mut.  : .       Stasis     : .   (no boots)
Res.Rott. : .       Flight     : .   (no amulet)
Saprovore : . . .                    (no ring)
                                     g - ring of positive energy {unknown}

@: regenerating very quickly, slightly resistant to hostile enchantments,
stealthy
A: fangs 3, see invisible, unbreathing
a: no special abilities


You were on level 2 of the Dungeon.
You were almost alive.

You visited 1 branch of the dungeon, and saw 2 of its levels.

You collected 102 gold pieces.

Inventory:

Hand weapons
 a - a +1,+1 dagger (weapon)
Missiles
 d - 11 darts (quivered)
Armour
 b - a +1 robe (worn)
Scrolls
 f - a scroll of fear {unknown}
 h - a scroll of identify {unknown}
 i - a scroll of blinking {unknown}
 k - a scroll of random uselessness {unknown}
 n - a scroll of recharging {unknown}
Jewellery
 g - a ring of positive energy (left hand) {unknown}
Potions
 j - a potion of agility {unknown}
 l - a potion of brilliance {unknown}
 m - a potion of degeneration {unknown}
 o - a potion of heal wounds {unknown}
 p - a potion of resistance {unknown}
Books
 c - a book of Maledictions

   Spells                             Type                      Level
   *Corona                            Hexes                        1
   Sure Blade                         Hexes/Charms                 2
   Ensorcelled Hibernation            Hexes/Ice                    2
   Confuse                            Hexes                        3
   Enslavement                        Hexes                        4
   Invisibility                       Hexes                        6


   Skills:
 * Level 2.4 Short Blades
 - Level 0.7 Throwing
 - Level 2.1 Dodging
 + Level 3.4 Stealth
 - Level 1.0 Spellcasting
 + Level 5.1 Hexes


You had 3 spell levels left.
You knew the following spells:

 Your Spells              Type           Power        Failure   Level  Hunger
a - Corona                Hex            ###....      2%          1    ##.....


Dungeon Overview and Level Annotations

Branches:
Dungeon (2/27)

Altars:

Annotations:
D:2 Jessica


Innate Abilities, Weirdness & Mutations

Your natural rate of healing is extremely fast.
You have razor-sharp teeth.*
You have supernaturally acute eyesight.
You can survive without breathing.*


Message History

Jessica casts a spell at you. Pain shoots through your body!
* * * LOW HITPOINT WARNING * * *
The giant gecko misses you. The giant gecko closely misses you.
You are too injured to fight recklessly!
You are too injured to fight recklessly!
You are too injured to fight recklessly!
You are too injured to fight recklessly!
You hit the giant gecko.
The giant gecko is heavily wounded.
You miss the giant gecko.
The giant gecko is heavily wounded.
The giant gecko bites you.
* * * LOW HITPOINT WARNING * * *
The giant gecko bites you but does no damage.
Drink which item? (? for menu, Esc to quit)
Yummy - fresh blood!
Jessica gestures wildly.
Jessica hits you.
You die...

##......#
#.......###
#.###.........#
...........###.#
#####.#...# .#
#.###.###.# #.
#.....# #.
###@.## #@.#
#.l# #..# #..#
.... #####


You could see Jessica and a giant gecko.

Vanquished Creatures
  A worm (D:1)
  An ooze (D:2)
  A giant cockroach (D:1)
  4 goblins (D:1)
  A kobold (D:1)
  2 ball pythons
  A giant newt (D:1)
  8 jackals
  A rat (D:1)
20 creatures vanquished.

Notes
Turn   | Place    | Note
--------------------------------------------------------------
     0 | D:1      | PolkaDot, the Vampire Enchanter, began the quest for the Orb.
     0 | D:1      | Reached XP level 1. HP: 13/13 MP: 4/4
   293 | D:1      | Reached XP level 2. HP: 7/19 MP: 5/5
   734 | D:2      | Reached skill level 5 in Hexes
   802 | D:2      | Reached XP level 3. HP: 16/24 MP: 6/6
   806 | D:2      | Noticed Jessica
   823 | D:2      | Slain by Jessica

Action                   || total
-------------------------++-------
Melee: Dagger            ||   111
Throw: Dart              ||     6
 Cast: Corona            ||     1
  Use: Potion            ||     1
 Stab: Sleeping          ||     3
